[Event "Titled Tuesday Blitz August 02 Late 2022"]
[White "Martinez Reyes, Pedro Ramon"]
[Black "Mardov, Dimitar"]
[WhiteFideId "3901807"]
[BlackFideId "30919495"]
[WhiteElo "2363"]
[BlackElo "2185"]
[Result "0-1"]
[Round "01"]
[TimeControl "180+1"]
[Date "2022.08.02"]
[WhiteClock "0:00:11"]
[BlackClock "0:00:14"]

1. d4 Nf6 2. Bf4 d5 3. e3 Bf5 4. Bd3 Bxd3 5. cxd3 e6 6. Qb3 Qc8 7. Nc3 a6 8. Rc1 Nbd7 9. Nge2 Be7 10. Bxc7 Qxc7 11. Nxd5 Qa5+ 12. Ndc3 O-O 13. Qxb7 Rab8 14. Qa7 Rxb2 15. O-O Bb4 16. a3 Bxc3 17. Nxc3 Qxa3 18. d5 exd5 19. Nxd5 Qxd3 20. Rcd1 Rd2 21. Ne7+ Kh8 22. Rxd2 Qxd2 23. Qxa6 Ne5 24. Nf5 Qd7 25. Qa3 Re8 26. Nd4 Kg8 27. h3 h6 28. Rb1 Nc4 29. Qa6 Nd2 30. Rb7 Qd5 31. Rb5 Qc4 32. Qa5 Qf1+ 33. Kh2 Qxf2 34. Re5 Nf1+ 35. Kh1 Nxe3 36. Rxe8+ Nxe8 37. Qa8 Qf1+ 38. Kh2 Qf4+ 39. Kh1 Qxd4 40. Qxe8+ Kh7 41. Qxf7 Qd1+ 42. Kh2 Nf1+ 43. Kg1 Ng3+ 44. Kh2 Qd6 45. Kg1 Ne2+ 46. Kh1 Qd1+ 47. Kh2 Qg1# 0-1


[Site "https://www.chess.com"]

[Event "Titled Tuesday Blitz August 02 Late 2022"]
[White "Nakamura, Hikaru"]
[Black "Toncheva, Nadya"]
[WhiteFideId "2016192"]
[BlackFideId "2924056"]
[WhiteElo "2850"]
[BlackElo "1888"]
[Result "1-0"]
[Round "01"]
[TimeControl "180+1"]
[Date "2022.08.02"]
[WhiteClock "0:02:01"]
[BlackClock "0:00:05"]

1. Nf3 c5 2. e3 Nc6 3. d4 cxd4 4. exd4 d5 5. Bd3 Nf6 6. c3 Bg4 7. Bf4 e6 8. Qb3 Bxf3 9. Qxb7 Bxg2 10. Qxc6+ Nd7 11. Rg1 Rc8 12. Qb7 e5 13. Bxe5 Nxe5 14. dxe5 Bh3 15. Bb5+ Bd7 16. Nd2 Bxb5 17. Qxb5+ Qd7 18. Qxd7+ Kxd7 19. O-O-O Ke6 20. Nf3 h6 21. Rde1 g6 22. Nd4+ Kd7 23. e6+ fxe6 24. Rxg6 Bc5 25. Rg7+ Ke8 26. Rxe6+ Kf8 27. Rg4 Bxd4 28. Rxd4 Kf7 29. Re5 Kf6 30. Rexd5 Rhe8 31. Rd6+ Kg7 32. Rd7+ Kg6 33. Rxa7 Re2 34. Rd2 Re1+ 35. Kc2 Rh1 36. Rd6+ Kg5 37. Ra5+ Kf4 38. Rxh6 Rf1 39. Rh4+ Kf3 40. Rf5+ Ke2 41. Re4# 1-0


[Site "https://www.chess.com"]

[Event "Titled Tuesday Blitz August 02 Late 2022"]
[White "Naroditsky, Daniel"]
[Black "Golubev, Mikhail"]
[WhiteFideId "2026961"]
[BlackFideId "14100983"]
[WhiteElo "2608"]
[BlackElo "2374"]
[Result "1-0"]
[Round "01"]
[TimeControl "180+1"]
[Date "2022.08.02"]
[WhiteClock "0:01:09"]
[BlackClock "0:00:01"]

1. c4 g6 2. d4 Bg7 3. e4 d6 4. Nc3 Nf6 5. f3 O-O 6. Nge2 a6 7. Be3 b5 8. cxb5 axb5 9. Nxb5 c6 10. Nbc3 Nbd7 11. Ng3 e5 12. Be2 Qb6 13. Qd2 Ng4 14. Bg1 exd4 15. Nd1 Ne3 16. Nxe3 dxe3 17. Bxe3 Qxb2 18. Qxb2 Bxb2 19. Rd1 Rxa2 20. Rxd6 Bc3+ 21. Kf2 Be5 22. Rxc6 Bxg3+ 23. hxg3 Ne5 24. Rc3 Ba6 25. Re1 Rb8 26. Bf4 f6 27. Ke3 Bxe2 28. Rxe2 Rxe2+ 29. Kxe2 Rb2+ 30. Kf1 Rb1+ 31. Kf2 Rb2+ 32. Kg1 Rb1+ 33. Kh2 1-0


[Site "https://www.chess.com"]

[Event "Titled Tuesday Blitz August 02 Late 2022"]
[White "Pakleza, Zbigniew"]
[Black "Graif, William"]
[WhiteFideId "1119290"]
[BlackFideId "2609835"]
[WhiteElo "2467"]
[BlackElo "1942"]
[Result "1/2-1/2"]
[Round "01"]
[TimeControl "180+1"]
[Date "2022.08.02"]
[WhiteClock "0:00:32"]
[BlackClock "0:00:21"]

1. d4 Nf6 2. Nf3 d5 3. Bf4 c5 4. c3 Nc6 5. e3 Qb6 6. Qb3 c4 7. Qc2 Bf5 8. Qc1 e6 9. Nbd2 Be7 10. Nh4 Bg4 11. h3 Bh5 12. g4 Nd7 13. Bg3 Qd8 14. Ng2 Bg6 15. Nf4 b5 16. Bg2 b4 17. Nxc4 bxc3 18. bxc3 Rc8 19. Nd2 Nb4 20. O-O Nd3 21. Nxd3 Bxd3 22. Rd1 Qa5 23. Nb3 Qa6 24. Qd2 Bc4 25. e4 O-O 26. Re1 Ba3 27. exd5 exd5 28. g5 Nb6 29. h4 Na4 30. h5 Bb2 31. Qe3 Bxa1 32. Rxa1 Rfe8 33. Qf3 Nb6 34. Nc5 Qb5 35. g6 fxg6 36. hxg6 hxg6 37. Bh3 Rcd8 38. Be6+ Rxe6 39. Nxe6 Re8 40. Ng5 Qd7 41. a4 Rf8 42. Qe3 Re8 43. Be5 Qg4+ 44. Qg3 Qxg3+ 45. fxg3 Rf8 46. a5 Nd7 47. Bd6 Rf5 48. Bf4 Nf6 49. Rb1 Nh5 50. Rb8+ Rf8 51. Ne6 Rxb8 52. Bxb8 a6 53. Kf2 Nf6 54. Nc5 Kf7 55. Be5 Ng4+ 56. Kf3 Nf6 57. Kf4 Ke7 58. g4 Nd7 59. Nxd7 Kxd7 60. Bxg7 Ke6 61. Kg5 Bd3 62. Be5 Kd7 63. Bf4 Kc6 64. Kf6 Kb5 65. Bc7 Kc4 66. Ke5 Be4 67. Bd6 Kxc3 68. Bc5 Kc4 69. Bb6 Kb5 70. g5 Bf3 71. Kf6 Be4 72. Ke6 Kc4 73. Kf7 Kb5 74. Ke7 Kc4 75. Kd6 Kb5 76. Kc7 Bf3 77. Kb7 Be4 78. Kc8 Bf3 79. Kd7 Be4 80. Kd6 Bf3 81. Ke5 Be4 82. Kf6 Kc6 83. Ke6 Kb5 84. Kd6 Bf3 85. Kc7 Be4 86. Kb7 Bf3 87. Kc7 Be4 88. Kd8 Bf3 89. Ke7 Be4 90. Kf8 Bf3 91. Kg7 Be4 92. Kf6 Kc6 93. Ke5 Kb5 94. Ke6 Kc6 95. Kf6 Kb5 96. Ke7 Kc6 97. Kd8 Kb7 98. Kd7 Bd3 99. Kd6 Be4 100. Ke6 Kc6 101. Ke5 Kb5 1/2-1/2


[Site "https://www.chess.com"]

[Event "Titled Tuesday Blitz August 02 Late 2022"]
[White "Paravyan, David"]
[Black "Jeet, Jain"]
[WhiteFideId "4194985"]
[BlackFideId "5073022"]
[WhiteElo "2569"]
[BlackElo "2055"]
[Result "1-0"]
[Round "01"]
[TimeControl "180+1"]
[Date "2022.08.02"]
[WhiteClock "0:00:32"]
[BlackClock "0:00:14"]

1. e4 d5 2. exd5 Qxd5 3. Nc3 Qd6 4. d4 g6 5. Nb5 Qb6 6. a4 c6 7. a5 Qd8 8. Nc3 Bg7 9. Nf3 Nf6 10. h3 O-O 11. Bc4 Nd5 12. O-O Bf5 13. Re1 Nb4 14. Bb3 N8a6 15. Bg5 Re8 16. Qd2 Nc7 17. Ne4 Nbd5 18. Ng3 Be6 19. Bh6 Nf6 20. Bxg7 Kxg7 21. Bxe6 Nxe6 22. Qb4 Rb8 23. Rxe6 fxe6 24. Re1 Qd6 25. Qb3 Nd5 26. c4 Nf4 27. Ne4 Qc7 28. Qc3 Kg8 29. g3 Nh5 30. Nc5 Ng7 31. Kg2 b6 32. Na6 Qd6 33. Nxb8 Rxb8 34. a6 Rd8 35. b4 Nf5 36. Re4 b5 37. g4 Ng7 38. Ne5 bxc4 39. Qxc4 Qd5 40. Qxd5 cxd5 41. Re3 Rd6 42. b5 Ne8 43. Rc3 Nf6 44. Rc8+ Kg7 45. Ra8 Rb6 46. Rxa7 Rxb5 47. Rxe7+ Kg8 48. Rb7 Ra5 49. a7 Ne8 50. Rb8 Rxa7 51. Rxe8+ Kg7 52. Rxe6 Ra4 53. Nf3 Kf7 54. Re3 Ra5 55. Kg3 Kf6 56. h4 h6 57. Rb3 Ra4 58. Rd3 Ra2 59. Ne1 Ra1 60. Ng2 g5 61. h5 Ra4 62. Ne3 Ra5 63. Kf3 Ke6 64. Ke2 Kf6 65. Rd2 Ra4 66. Nxd5+ Ke6 67. Ne3 Ra5 68. Rc2 Ra4 69. Kd3 Ra3+ 70. Rc3 Ra4 71. Ke4 Ra1 72. Rc6+ Kd7 73. Rxh6 1-0


[Site "https://www.chess.com"]

[Event "Titled Tuesday Blitz August 02 Late 2022"]
[White "Perez Leiva, Jerzy Jesus"]
[Black "Izoria, Zviad"]
[WhiteFideId "3524337"]
[BlackFideId "13601733"]
[WhiteElo "2287"]
[BlackElo "2626"]
[Result "1-0"]
[Round "01"]
[TimeControl "180+1"]
[Date "2022.08.02"]
[WhiteClock "0:00:04"]
[BlackClock "0:00:02"]

1. e4 c5 2. Nf3 a6 3. c4 e6 4. d4 cxd4 5. Nxd4 Nf6 6. Nc3 Qc7 7. Be2 b6 8. O-O Bb7 9. Qd3 Nc6 10. Nxc6 dxc6 11. f4 Rd8 12. Qg3 c5 13. Qe3 Be7 14. e5 Nd7 15. Bf3 O-O 16. Bxb7 Qxb7 17. Ne4 f5 18. exf6 Bxf6 19. Nd6 Qc7 20. Qxe6+ Kh8 21. Nf7+ Rxf7 22. Qxf7 Bd4+ 23. Kh1 Rf8 24. Qe7 Qc8 25. Re1 Nf6 26. Qe6 Qd8 27. Qh3 b5 28. Bd2 Bxb2 29. Rad1 Qc7 30. cxb5 axb5 31. Bc3 Bxc3 32. Qxc3 c4 33. Qe5 Qa7 34. Qe7 Qa8 35. h3 h6 36. Qe5 b4 37. Qc5 Rc8 38. Qxb4 c3 39. Rc1 Nd5 40. Qe4 Qxa2 41. Qe6 Qc4 42. Re4 Qc6 43. Qf5 c2 44. Re6 Qc4 45. Qe5 1-0


[Site "https://www.chess.com"]

[Event "Titled Tuesday Blitz August 02 Late 2022"]
[White "Petrovic, Aleksa"]
[Black "Ghaem Maghami, Ehsan"]
[WhiteFideId "967629"]
[BlackFideId "12500739"]
[WhiteElo "2185"]
[BlackElo "2627"]
[Result "0-1"]
[Round "01"]
[TimeControl "180+1"]
[Date "2022.08.02"]
[WhiteClock "0:00:17"]
[BlackClock "0:01:02"]

1. d4 Nf6 2. c4 e6 3. Nf3 d5 4. Nc3 dxc4 5. e3 a6 6. a4 b6 7. Bxc4 Bb7 8. O-O Bb4 9. Qe2 O-O 10. Bd3 c5 11. Na2 Nc6 12. Rd1 cxd4 13. exd4 Be7 14. Bg5 Na5 15. Bc2 Rc8 16. Nc3 Re8 17. Qd3 g6 18. Ne5 Nc6 19. Qh3 Nh5 20. Be3 Bg5 21. Qf3 Nxe5 22. Qxb7 Ng4 23. Bxg5 Qxg5 24. h3 Ngf6 25. Qxa6 Nf4 26. Qb7 Nxh3+ 27. Kf1 Nf4 28. Qf3 N4d5 29. Be4 Nxc3 30. bxc3 Nxe4 31. Qxe4 Rxc3 32. d5 Qe7 33. d6 Qd7 34. a5 bxa5 35. Rab1 Rc6 36. Rb7 Qxb7 0-1


[Site "https://www.chess.com"]

[Event "Titled Tuesday Blitz August 02 Late 2022"]
[White "Rasulov, Vugar"]
[Black "Viana Da Costa, Fernando"]
[WhiteFideId "13402390"]
[BlackFideId "2111900"]
[WhiteElo "2523"]
[BlackElo "2277"]
[Result "1-0"]
[Round "01"]
[TimeControl "180+1"]
[Date "2022.08.02"]
[WhiteClock "0:00:47"]
[BlackClock "0:00:35"]

1. e4 c5 2. Nf3 Nc6 3. Bb5 e6 4. O-O Nge7 5. b3 a6 6. Bxc6 Nxc6 7. Bb2 d6 8. d4 cxd4 9. Nxd4 Bd7 10. c4 Be7 11. Ne2 O-O 12. Ng3 b5 13. Nd2 Ne5 14. c5 Nd3 15. cxd6 Bxd6 16. Bd4 e5 17. Nf3 b4 18. Be3 Bb5 19. Nf5 Bc7 20. Qd2 g6 21. Nh6+ Kg7 22. Rfd1 Bb6 23. Ng4 Bxe3 24. Qxe3 f6 25. Ne1 Qc8 26. Nxd3 Qxg4 27. Nxb4 Rad8 28. Nd5 Bc6 29. h3 Qe6 30. Nb4 Bb7 31. Nd3 Rd4 32. Nc5 Qb6 33. Rxd4 exd4 34. Qxd4 Bxe4 35. Re1 Bf5 36. Ne6+ Qxe6 37. Rxe6 Bxe6 38. Qa7+ 1-0


[Site "https://www.chess.com"]

[Event "Titled Tuesday Blitz August 02 Late 2022"]
[White "Sjugirov, Sanan"]
[Black "Culum, Sanjin"]
[WhiteFideId "4189302"]
[BlackFideId "14420937"]
[WhiteElo "2609"]
[BlackElo "2013"]
[Result "1-0"]
[Round "01"]
[TimeControl "180+1"]
[Date "2022.08.02"]
[WhiteClock "0:01:49"]
[BlackClock "0:00:17"]

1. e4 c5 2. Nf3 Nc6 3. Bb5 g6 4. Bxc6 bxc6 5. O-O Bg7 6. Re1 Qc7 7. c3 Nf6 8. d3 O-O 9. e5 Nd5 10. h3 d6 11. exd6 exd6 12. Nbd2 Ba6 13. Ne4 h6 14. c4 Ne7 15. Bf4 Rad8 16. Nxc5 Bc8 17. Ne4 Nf5 18. Qd2 Kh7 19. c5 Be5 20. Nxe5 dxe5 21. Nf6+ Kg7 22. Bxe5 Qxe5 23. Rxe5 Kxf6 24. Qc3 Nd4 25. Re4 1-0


[Site "https://www.chess.com"]

[Event "Titled Tuesday Blitz August 02 Late 2022"]
[White "Soham Kamotra"]
[Black "Grischuk, Alexander"]
[WhiteFideId "46647490"]
[BlackFideId "4126025"]
[WhiteElo "2082"]
[BlackElo "2762"]
[Result "0-1"]
[Round "01"]
[TimeControl "180+1"]
[Date "2022.08.02"]
[WhiteClock "0:00:01"]
[BlackClock "0:00:06"]

1. d4 Nf6 2. Nf3 d5 3. Bf4 c5 4. c3 Qb6 5. Qb3 Nc6 6. e3 c4 7. Qc2 Bf5 8. Qc1 Nh5 9. Be2 Nxf4 10. exf4 e6 11. Nbd2 h6 12. O-O Bd6 13. Ne5 Qc7 14. b3 cxb3 15. axb3 O-O 16. Qb2 f6 17. Nxc6 bxc6 18. g3 e5 19. fxe5 fxe5 20. dxe5 Bxe5 21. Rfe1 Rae8 22. Bf1 Bf6 23. b4 c5 24. Bg2 cxb4 25. Bxd5+ Kh8 26. Rxe8 Rxe8 27. Qxb4 Qxc3 28. Qxc3 Bxc3 29. Rxa7 Bxd2 30. Ra8 Rxa8 31. Bxa8 g5 32. Kg2 Kg7 33. f3 Kf6 34. Bd5 Ke5 35. Bb7 Kd4 36. Bc6 Ke3 37. Bd5 Bd3 38. Bc6 Bc3 39. Bd5 Bf6 40. Bc6 Be5 41. Bb7 Ke2 42. Bc6 Ke1 43. Kh3 Bf5+ 44. Kg2 Be6 45. Be4 Bc4 46. f4 gxf4 47. gxf4 Bxf4 48. h4 Ke2 49. h5 Ke3 50. Bf3 Bf7 51. Bg4 Bd5+ 52. Kg1 Bg3 53. Bh3 Bf3 54. Bg2 Bxh5 55. Kh1 Kf2 56. Bc6 Bg4 57. Bg2 h5 58. Bc6 h4 59. Bg2 h3 60. Be4 Be2 61. Bd5 Bf1 0-1


[Site "https://www.chess.com"]

[Event "Titled Tuesday Blitz August 02 Late 2022"]
[White "Steinberg, Nitzan"]
[Black "Bernal Moro, Luis Javier"]
[WhiteFideId "2801795"]
[BlackFideId "2200236"]
[WhiteElo "2471"]
[BlackElo "2376"]
[Result "1-0"]
[Round "01"]
[TimeControl "180+1"]
[Date "2022.08.02"]
[WhiteClock "0:00:13"]
[BlackClock "0:00:08"]

1. d4 Nf6 2. Nf3 g6 3. c4 Bg7 4. g3 O-O 5. Bg2 d6 6. O-O c6 7. Nc3 Bf5 8. Nh4 Bd7 9. e4 e5 10. Nf3 Re8 11. h3 Na6 12. Re1 exd4 13. Nxd4 Nc5 14. Bf4 Be6 15. b3 a5 16. Qd2 Nfd7 17. Bxd6 Qb6 18. e5 Rad8 19. f4 Nxe5 20. fxe5 Rxd6 21. exd6 Nxb3 22. axb3 Qxd4+ 23. Qe3 Qxc3 24. Rad1 Qxe3+ 25. Rxe3 c5 26. Bxb7 Bd4 27. Rxd4 cxd4 28. Re5 Rb8 29. Bc6 Rxb3 30. Rb5 Rxg3+ 31. Kf2 Rc3 32. Bd5 Bxh3 33. Rxa5 d3 34. Ke3 Bf5 35. Ra7 Rc2 36. Rxf7 Kh8 37. d7 Bxd7 38. Rxd7 d2 39. Ke2 h5 40. Kd1 Rb2 41. c5 h4 42. c6 1-0


[Site "https://www.chess.com"]

[Event "Titled Tuesday Blitz August 02 Late 2022"]
[White "Stelmaszyk, Nico"]
[Black "Ohanyan, Emin"]
[WhiteFideId "16200462"]
[BlackFideId "13312022"]
[WhiteElo "2119"]
[BlackElo "1927"]
[Result "0-1"]
[Round "01"]
[TimeControl "180+1"]
[Date "2022.08.02"]
[WhiteClock "0:00:02"]
[BlackClock "0:00:06"]

1. d4 Nf6 2. c4 e6 3. Nc3 Bb4 4. Nf3 O-O 5. Bg5 h6 6. Bh4 Be7 7. e3 d5 8. cxd5 exd5 9. Bd3 c6 10. Qc2 Re8 11. O-O Ne4 12. Bxe7 Qxe7 13. Rab1 Bf5 14. b4 a6 15. a4 Nd7 16. b5 axb5 17. axb5 Ra3 18. Bxe4 Bxe4 19. Nxe4 Qxe4 20. Qxe4 dxe4 21. bxc6 bxc6 22. Rb7 exf3 23. Rxd7 fxg2 24. Rc1 Rc8 25. Rd6 Ra6 26. d5 Kf8 27. dxc6 Ke7 28. Rd7+ Ke6 29. Kxg2 Raxc6 30. Rxc6+ Rxc6 31. Rd4 g6 32. Ra4 h5 33. Kg3 Kf6 34. Rf4+ Kg7 35. Rb4 Rc1 36. Kg2 Rc2 37. Rd4 Ra2 38. Rb4 Rd2 39. Rc4 Rb2 40. Ra4 Rb7 41. Rc4 Ra7 42. Rb4 Kh6 43. Rc4 Re7 44. Rb4 Rd7 45. Rf4 Re7 46. Rd4 Rc7 47. Re4 Kg5 48. Re5+ Kf6 49. Re4 Rc5 50. Rf4+ Ke6 51. Rd4 Rf5 52. Re4+ Kd6 53. Ra4 Ke7 54. Ra7+ Kf8 55. Ra6 Kg7 56. Ra4 Rf6 57. Rb4 Kh6 58. Ra4 g5 59. Rb4 Kg6 60. Rb8 h4 61. h3 Ra6 62. Rg8+ Kf5 63. Rb8 Ra1 64. Rb5+ Kg6 65. Rb6+ f6 66. Rb5 Ra6 67. Rb8 Re6 68. Rc8 Kf7 69. Rb8 Re7 70. Rb6 Ra7 71. Rb8 Ra6 72. Rb7+ Kg6 73. Rb8 Ra5 74. Rg8+ Kf5 75. Rg7 Ke4 76. Re7+ Kd3 77. Re6 Rf5 78. Rd6+ Ke2 79. f4 gxf4 80. exf4 Rxf4 81. Re6+ Kd3 82. Rd6+ Ke4 83. Re6+ Kf5 84. Re8 Re4 85. Rh8 Ra4 86. Kf3 Ra3+ 87. Kg2 Kg5 88. Rg8+ Kf5 89. Rg7 Ra2+ 90. Kg1 Re2 91. Rg4 Re4 92. Rg8 Kf4 93. Kf2 Rd4 94. Rg4+ Ke5 95. Rg8 Rd2+ 96. Kg1 f5 97. Re8+ Kf4 98. Rg8 Kf3 99. Ra8 f4 100. Ra3+ Ke2 101. Kg2 Rb2 102. Rc3 Kd2 103. Rf3 Ke1+ 104. Kg1 Rb4 105. Kg2 Ke2 106. Rf2+ Ke3 107. Rf3+ Ke4 108. Rf2 Rb3 109. Ra2 Rg3+ 110. Kh2 f3 111. Ra4+ Ke3 112. Rxh4 f2 113. Kxg3 f1=Q 114. Kg4 Qf4+ 115. Kh5 Qf5+ 116. Kh6 Qf6+ 117. Kh5 Kf3 118. Rg4 Qh8+ 119. Kg5 Qxh3 120. Rf4+ Kg3 121. Rf5 Qg4+ 122. Kf6 Qd4+ 123. Kg6 Kg4 124. Rg5+ Kf4 125. Rf5+ Ke4 126. Rf6 Ke5 127. Rf5+ Ke6 128. Rg5 Qe4+ 129. Kh5 Kf6 130. Kh6 Qf4 131. Kh5 Qxg5# 0-1


[Site "https://www.chess.com"]

[Event "Titled Tuesday Blitz August 02 Late 2022"]
[White "Suder, Jakub"]
[Black "Salem, A.R. Saleh"]
[WhiteFideId "1195310"]
[BlackFideId "9301348"]
[WhiteElo "2071"]
[BlackElo "2679"]
[Result "0-1"]
[Round "01"]
[TimeControl "180+1"]
[Date "2022.08.02"]
[WhiteClock "0:00:03"]
[BlackClock "0:00:17"]

1. c4 e5 2. Nc3 d6 3. Nf3 f5 4. g3 Be7 5. h4 Nf6 6. d4 e4 7. Ng5 O-O 8. Bg2 c6 9. Bf4 Na6 10. O-O h6 11. Nh3 Be6 12. b3 d5 13. c5 b6 14. cxb6 axb6 15. Be5 Ng4 16. Nf4 Bf7 17. e3 Bb4 18. Rc1 Ba3 19. Rc2 Nxe5 20. dxe5 Qe7 21. e6 Bxe6 22. Ng6 Qf6 23. Nxf8 Rxf8 24. Ne2 Nb4 25. Rd2 Bf7 26. Qa1 Qxa1 27. Rxa1 g6 28. Bf1 Kg7 29. Nd4 Kf6 30. Nc2 Bb2 31. Rad1 Nxa2 32. Nd4 Nc3 33. Re1 Ba3 34. Rc2 c5 35. Ne2 Nxe2+ 36. Bxe2 Bb4 37. Ra1 Rd8 38. Ra6 Rd6 39. Kf1 d4 40. Bc4 d3 41. Rc1 Be8 42. Ra8 Bd7 43. Rb8 Be6 44. Ra1 Bc3 45. Rc1 Be5 46. Rd1 Bd7 47. Rd2 g5 48. hxg5+ hxg5 49. Rd1 Rc6 50. Rb7 Bc8 51. Ra7 Be6 52. Ra8 b5 53. Bxe6 Kxe6 54. Ra7 c4 55. bxc4 bxc4 56. Ra4 c3 0-1


[Site "https://www.chess.com"]

[Event "Titled Tuesday Blitz August 02 Late 2022"]
[White "Swiercz, Dariusz"]
[Black "Baches Garcia, Guillermo"]
[WhiteFideId "1126881"]
[BlackFideId "2209764"]
[WhiteElo "2627"]
[BlackElo "2490"]
[Result "1-0"]
[Round "01"]
[TimeControl "180+1"]
[Date "2022.08.02"]
[WhiteClock "0:00:18"]
[BlackClock "0:00:10"]

1. e4 c5 2. Nc3 d6 3. g3 g6 4. Bg2 Bg7 5. Nge2 Nc6 6. O-O e5 7. a3 Nge7 8. Rb1 a5 9. d3 O-O 10. h3 Be6 11. Nd5 b5 12. Be3 Nd4 13. Nxe7+ Qxe7 14. c3 Nxe2+ 15. Qxe2 b4 16. Rfd1 Rab8 17. axb4 axb4 18. Ra1 bxc3 19. bxc3 Rb3 20. Qc2 Rfb8 21. Rdb1 c4 22. dxc4 Rxb1+ 23. Rxb1 Rxb1+ 24. Qxb1 Bxc4 25. Qb8+ Qf8 26. Qc7 Be6 27. h4 h6 28. Bf1 Qc8 29. Qxc8+ Bxc8 30. Bc4 Kf8 31. Bd5 Ke7 32. Kf1 Be6 33. c4 f5 34. f3 h5 35. Ke2 Bxd5 36. cxd5 Bf6 37. Kd3 f4 38. gxf4 exf4 39. Bxf4 Bxh4 40. Ke2 Bf6 41. Kf2 Be5 42. Bg5+ Bf6 43. Bf4 g5 44. Be3 h4 45. Kg2 Kf7 46. Kh3 Kg6 47. Kg4 Be7 48. f4 gxf4 49. Bxf4 Kf7 50. Be3 Kg6 51. Bf2 Bd8 52. Bxh4 Bxh4 53. Kxh4 Kf6 54. Kg4 Ke5 55. Kf3 Kd4 56. Kf4 Kc5 57. Kf5 Kd4 58. Ke6 1-0


[Site "https://www.chess.com"]

[Event "Titled Tuesday Blitz August 02 Late 2022"]
[White "Vasquez Schroeder, Rodrigo"]
[Black "Ovchinnikov, Vsevolod"]
[WhiteFideId "3400042"]
[BlackFideId "24176842"]
[WhiteElo "2567"]
[BlackElo "2376"]
[Result "0-1"]
[Round "01"]
[TimeControl "180+1"]
[Date "2022.08.02"]
[WhiteClock "0:00:32"]
[BlackClock "0:00:06"]

1. e4 g6 2. d4 Bg7 3. Nf3 d6 4. Bc4 Nf6 5. Qe2 O-O 6. e5 dxe5 7. dxe5 Nd5 8. h3 c6 9. O-O Be6 10. Ng5 Nd7 11. Nxe6 fxe6 12. f4 b5 13. Bb3 Nc5 14. h4 a5 15. c3 Nxb3 16. axb3 Rf5 17. g3 Qb6+ 18. Kh2 Raf8 19. g4 Nxf4 20. Qe3 Qxe3 21. Bxe3 R5f7 22. Nd2 Bxe5 23. Kg1 Ne2+ 24. Kg2 Rxf1 25. Nxf1 Nf4+ 26. Bxf4 Rxf4 27. Ne3 Bc7 28. Rd1 Bd6 29. Ra1 a4 30. bxa4 Rxa4 31. Rxa4 bxa4 32. Nc4 Kf7 33. Kf3 e5 34. Nb6 a3 35. bxa3 Bxa3 36. Ke4 Ke6 37. Nc4 Bd6 38. Na5 Kd7 39. Nc4 Ke6 40. Nd2 Kf6 41. Nf3 Bc7 42. c4 Bd6 43. Ne1 Bc5 44. Nf3 Bd4 45. Ng5 h5 46. gxh5 gxh5 47. Nf3 Bc3 48. Ng5 Be1 49. Nf3 Bg3 50. c5 Bf4 51. Ne1 Ke6 52. Nf3 Bg3 53. Ng5+ Kf6 54. Nf3 Bf2 55. Nxe5 Ke6 56. Nd3 Bxh4 57. Nf4+ Kd7 58. Nxh5 Bf2 59. Nf4 Bxc5 60. Ne2 Kd6 61. Nf4 Bb6 62. Ng6 e6 63. Ne5 Bd8 64. Nf7+ Ke7 65. Ne5 c5 66. Kd3 Bc7 67. Ng6+ Kf6 68. Nh4 Be5 69. Ke4 Bd4 70. Nf3 Bf2 71. Nd2 Ke7 72. Kd3 Bd4 73. Ne4 Kd7 74. Kc4 Kc6 75. Ng5 Kd6 76. Ne4+ Kc6 77. Ng5 e5 78. Nf7 e4 79. Ng5 e3 80. Nf3 Kd6 81. Ne1 Ke5 82. Kd3 Kf4 83. Ke2 Ke4 84. Nf3 Bf6 85. Ne1 c4 86. Nc2 Bd4 87. Na3 Kd5 88. Nc2 Kc5 89. Kf3 Kd5 90. Kf4 Bc5 91. Kf3 c3 92. Ke2 Kc4 93. Ne1 Kb3 94. Kd3 Kb2 95. Nc2 e2 96. Ne1 Bf2 97. Nf3 e1=Q 98. Nxe1 Bxe1 0-1


[Site "https://www.chess.com"]

[Event "Titled Tuesday Blitz August 02 Late 2022"]
[White "Xiong, Jeffery"]
[Black "Espinosa Veloz, Ermes"]
[WhiteFideId "2047640"]
[BlackFideId "3507424"]
[WhiteElo "2714"]
[BlackElo "2333"]
[Result "1-0"]
[Round "01"]
[TimeControl "180+1"]
[Date "2022.08.02"]
[WhiteClock "0:01:14"]
[BlackClock "0:00:07"]

1. e4 e5 2. Nf3 Nc6 3. Nc3 Nf6 4. d4 exd4 5. Nxd4 Bb4 6. Nxc6 bxc6 7. Bd3 d6 8. O-O h6 9. Na4 c5 10. Qf3 Bd7 11. a3 Ba5 12. e5 Ng4 13. exd6 cxd6 14. b4 Ne5 15. Qg3 Bxa4 16. Qxg7 Kd7 17. bxa5 Rg8 18. Qh7 Bc6 19. Be4 Qh4 20. Qf5+ Kc7 21. Bxc6 Kxc6 22. Bf4 Rg6 23. Bxe5 dxe5 24. Rfd1 Qe7 25. Qe4+ Kc7 26. Qxa8 1-0


[Site "https://www.chess.com"]

[Event "Titled Tuesday Blitz August 02 Late 2022"]
[White "Zhukova, Natalia"]
[Black "Drygalov, Sergey"]
[WhiteFideId "14101513"]
[BlackFideId "24171743"]
[WhiteElo "2296"]
[BlackElo "2523"]
[Result "0-1"]
[Round "01"]
[TimeControl "180+1"]
[Date "2022.08.02"]
[WhiteClock "0:00:04"]
[BlackClock "0:00:26"]

1. c4 e5 2. Nc3 Nf6 3. Nf3 Nc6 4. e4 Bb4 5. d3 d6 6. a3 Bc5 7. b4 Bb6 8. g3 Ng4 9. Ra2 a5 10. b5 Ne7 11. h3 Nf6 12. Bg2 O-O 13. O-O c6 14. Na4 Ba7 15. Rb2 cxb5 16. cxb5 Bd7 17. Re1 Re8 18. d4 exd4 19. Nxd4 Ng6 20. Nf5 d5 21. Nd6 Re6 22. Nxb7 Qc8 23. b6 Bxa4 24. Qxa4 Bxb6 25. Be3 Bxe3 26. fxe3 dxe4 27. g4 h6 28. Reb1 Rc6 29. Qd4 Rc1+ 30. Kh2 Rxb1 31. Rxb1 Nh4 32. Bh1 Qc2+ 33. Kg3 Qxb1 0-1


[Site "https://www.chess.com"]

[Event "Titled Tuesday Blitz August 02 Late 2022"]
[White "Andreikin, Dmitry"]
[Black "Perera Alfonso, Rene Humberto"]
[WhiteFideId "4158814"]
[BlackFideId "3514722"]
[WhiteElo "2736"]
[BlackElo "2313"]
[Result "1-0"]
[Round "02"]
[TimeControl "180+1"]
[Date "2022.08.02"]
[WhiteClock "0:02:04"]
[BlackClock "0:00:38"]

1. d4 d5 2. c4 c6 3. Nf3 Nf6 4. Qc2 dxc4 5. e4 Bg4 6. Bxc4 Bxf3 7. gxf3 Qxd4 8. Be3 Qe5 9. Nc3 e6 10. f4 Qh5 11. Be2 Qa5 12. O-O-O Nbd7 13. Rhg1 O-O-O 14. Rg5 Bc5 15. Kb1 h6 16. Rxg7 Bxe3 17. fxe3 Rhf8 18. e5 Nd5 19. Nxd5 exd5 20. Qf5 Qa4 21. Rxf7 Rxf7 22. Qxf7 Qe4+ 23. Ka1 Qxe3 24. Bg4 h5 25. Bf5 Qf3 26. Rb1 Kb8 27. Bxd7 Qxf4 28. Qxf4 1-0


[Site "https://www.chess.com"]

[Event "Titled Tuesday Blitz August 02 Late 2022"]
[White "Barria Zuniga, Daniel"]
[Black "Nakamura, Hikaru"]
[WhiteFideId "3400816"]
[BlackFideId "2016192"]
[WhiteElo "2414"]
[BlackElo "2850"]
[Result "0-1"]
[Round "02"]
[TimeControl "180+1"]
[Date "2022.08.02"]
[WhiteClock "0:00:02"]
[BlackClock "0:01:33"]

1. d4 g6 2. c4 Bg7 3. Nc3 c5 4. d5 Bxc3+ 5. bxc3 f5 6. e4 fxe4 7. f3 Qa5 8. fxe4 d6 9. Nf3 Bg4 10. Be2 Bxf3 11. gxf3 Nf6 12. O-O Nbd7 13. Qc2 g5 14. Kh1 h6 15. f4 gxf4 16. Bxf4 O-O-O 17. Rg1 Rdf8 18. Raf1 h5 19. h3 Kb8 20. Bh2 Ne5 21. Bxe5 dxe5 22. Rf5 Qc7 23. Qd3 h4 24. Rgg5 Nd7 25. Qf3 a6 26. Rf7 Qd6 27. Qf5 Rxf7 28. Qxf7 Nf6 29. Rg7 Nxe4 30. Bg4 Qf6 31. Qxf6 exf6 32. Bf3 Ng3+ 33. Kg2 e4 34. Bd1 Nf5 35. Rf7 Ne3+ 36. Kf2 Nxd1+ 37. Ke2 Nxc3+ 38. Ke3 b5 39. Rxf6 bxc4 40. Rxa6 Re8 41. Re6 Nxd5+ 42. Kxe4 Rxe6+ 43. Kxd5 c3 0-1


[Site "https://www.chess.com"]

[Event "Titled Tuesday Blitz August 02 Late 2022"]
[White "Bauer, Thomas"]
[Black "Sorkin, Igor"]
[WhiteFideId "1639293"]
[BlackFideId "2803283"]
[WhiteElo "2220"]
[BlackElo "2401"]
[Result "0-1"]
[Round "02"]
[TimeControl "180+1"]
[Date "2022.08.02"]
[WhiteClock "0:00:02"]
[BlackClock "0:00:25"]

1. e4 c5 2. Nc3 e6 3. d4 cxd4 4. Qxd4 Nc6 5. Qe3 d6 6. Bd2 a6 7. O-O-O Qc7 8. f4 b5 9. Kb1 Nf6 10. Be2 b4 11. Na4 Rb8 12. g4 d5 13. e5 Ne4 14. Nf3 Bd7 15. b3 Be7 16. Bxa6 Na5 17. Nb2 Bc5 18. Qe2 Nf2 19. Nd3 Nxh1 20. Nxc5 Qxc5 21. Be3 Qc7 22. Rxh1 O-O 23. Bd3 Qb7 24. Bd4 Bb5 25. Bxh7+ Kxh7 26. Ng5+ Kg8 27. Qe3 Rfc8 28. Qh3 Qc7 29. Rc1 Be8 30. Qh7+ Kf8 31. Qh8+ Ke7 32. Qxg7 Kd8 33. f5 Qe7 34. fxe6 fxe6 35. Qg8 Kd7 36. Nh7 Nc6 37. Nf8+ Kc7 38. Nxe6+ Kb7 39. Nc5+ Ka8 40. Qxd5 Rd8 41. Qc4 Rxd4 42. Qa6+ Qa7 43. g5 Qxa6 44. Nxa6 Rb7 45. Rf1 Re7 46. Rf8 Kb7 47. Nc5+ Kb6 48. Nd3 Nxe5 49. Rf6+ Kc7 50. Nc5 Rd6 51. Rf4 Bg6 52. Rxb4 Kc6 53. Na4 Rd2 54. Rb6+ Kc7 0-1


[Site "https://www.chess.com"]